 Dungeon Crawl Stone Soup version 0.18-a0-731-ga019a5f (webtiles) character file.

438 JokEr the Skirmisher (level 7, 0/47 HPs)
             Began as a Gargoyle Fighter on Dec 9, 2015.
             Slain by an ogre
             ... wielding a cursed -1 giant club
              (18 damage)
             ... on level 5 of the Dungeon on Dec 10, 2015.
             The game lasted 00:07:33 (3742 turns).

JokEr the Skirmisher (Gargoyle Fighter)             Turns: 3742, Time: 00:07:33

Health: 0/47       AC: 11    Str: 21    XL:     7   Next: 1%
Magic:  7/7        EV:  7    Int:  9    God:
Gold:   277        SH:  9    Dex:  9    Spells: 0 memorised, 6 levels left

rFire  . . .     SeeInvis .     w - +1 mace
rCold  . . .     Clarity  .     b - +0 scale mail
rNeg   + . .     SustAt   .     c - +0 shield
rPois  ∞         Gourm    .     (no helmet)
rElec  +         Spirit   .     (no cloak)
rCorr  .         Dismiss  .     (no gloves)
rMut   .         Stasis   .     (no boots)
MR     +....                    (no amulet)
Stlth  ..........               (no ring)
                                j - ring of protection from magic

@: somewhat resistant to hostile enchantments, extremely unstealthy
A: negative energy resistance 1, electricity resistance, unbreathing,
petrification resistance, rot immunity, AC +4
a: no special abilities


You were on level 5 of the Dungeon.
You were not hungry.

You visited 1 branch of the dungeon, and saw 5 of its levels.

You collected 277 gold pieces.

Inventory:

Hand Weapons
 w - a +1 mace (weapon)
Armour
 b - a +0 scale mail (worn)
 c - a +0 shield (worn)
Jewellery
 j - a ring of protection from magic (left hand)
 x - a +3 ring of slaying {unknown}
Wands
 s - a wand of magic darts (32)
Scrolls
 m - 3 scrolls of identify
 o - a scroll of blinking
 p - 4 scrolls of teleportation
 q - 4 scrolls of remove curse
Potions
 a - a potion of cure mutation {unknown}
 d - a potion of might
 e - a potion of mutation {unknown}
 f - 2 potions of agility {unknown}
 g - a potion of curing {unknown}
 h - a potion of heal wounds {unknown}
 i - 2 potions of poison {unknown}
 k - a potion of ambrosia {unknown}
 u - 2 potions of lignification {unknown}
 v - a potion of cancellation {unknown}
 z - a potion of flight {unknown}
Comestibles
 l - a bread ration
 n - 2 slices of pizza
 r - 2 meat rations
 t - 3 fruits


   Skills:
 + Level 6.5 Fighting
 + Level 5.1 Maces & Flails
 - Level 3.2 Armour
 - Level 3.2 Shields


You had 6 spell levels left.
You didn't know any spells.

Dungeon Overview and Level Annotations

Branches:
Dungeon (5/15)
 Temple: D:4-7

Altars:
Fedhas
Nemelex Xobeh
Pakellas
Sif Muna
Zin

Shops:
D:2 *


Innate Abilities, Weirdness & Mutations

You are resistant to torment.
Your stone body is resilient (AC +4).
You are immune to poison.
You resist negative energy.
You are resistant to electric shocks.
You can survive without breathing.
You are immune to petrification.
You are immune to rotting.


Message History

The ogre is lightly wounded.
The ogre hits you with a giant club!
Your shield prevents you from hitting the ogre.
The ogre is lightly wounded.
You block the ogre's attack.
You sock the ogre!
The ogre is heavily wounded.
You block the ogre's attack.
You sock the ogre!
The ogre is severely wounded.
The ogre hits you with a giant club!
You thump the ogre!
The ogre is almost dead.
The ogre hits you with a giant club.
You barely miss the ogre.
The ogre is almost dead.
You hit the ogre.
The ogre is almost dead.
The ogre hits you with a giant club!!
You die...

........ #.#. ........
#... ........
#................ # #...
............ .##.
#.#.##........... .....
#.#..#...........
..#...##.##.#..........<
......O@.##.............
#.###..............####'
##.#####........####.
.........#>..........
###.####..##....######
#.#..##....#
#....####.... #.##.#
###### #.##.#


You could see an ogre.

Vanquished Creatures
  A hound (D:3)
  An orc priest (D:4)
  3 orc wizards (D:4)
  Ijyb (D:3)
  2 worker ants
  5 adders
  6 gnolls
  A shadow imp (D:3)
  2 oozes
  An adder zombie (D:4)
  An adder skeleton (D:4)
  5 giant geckos
  11 orcs
  4 giant cockroaches
  8 hobgoblins
  10 jackals
  6 kobolds
  2 quokkas
  10 bats
  3 giant newts
  8 goblins
  8 rats
99 creatures vanquished.

Notes
Turn   | Place    | Note
--------------------------------------------------------------
     0 | D:1      | JokEr the Gargoyle Fighter began the quest for the Orb.
     0 | D:1      | Reached XP level 1. HP: 14/14 MP: 1/1
    69 | D:1      | Reached XP level 2. HP: 10/19 MP: 2/2
   445 | D:1      | Reached skill level 4 in Fighting
   480 | D:1      | Reached XP level 3. HP: 24/24 MP: 3/3
  1147 | D:2      | Found an oddly glowing altar of Pakellas.
  1224 | D:2      | Found Zin's Purification Station.
  1226 | D:2      | Found a glowing silver altar of Zin.
  1605 | D:2      | Reached XP level 4. HP: 30/30 MP: 4/4
  1726 | D:3      | Noticed Ijyb
  1745 | D:3      | Killed Ijyb
  1948 | D:3      | Reached skill level 5 in Fighting
  1948 | D:3      | Reached XP level 5. HP: 33/35 MP: 5/5
  1977 | D:3      | Found a sparkling altar of Nemelex Xobeh.
  2214 | D:3      | Reached XP level 6. HP: 39/41 MP: 6/6
  2601 | D:4      | Reached skill level 6 in Fighting
  2834 | D:4      | Reached skill level 5 in Maces & Flails
  3181 | D:4      | Found a blossoming altar of Fedhas.
  3286 | D:4      | Reached XP level 7. HP: 47/47 MP: 7/7
  3491 | D:4      | Found a deep blue altar of Sif Muna.
  3695 | D:5      | Entered Level 5 of the Dungeon
  3742 | D:5      | Slain by an ogre

Vault maps used:
D:1:      lemuel_arrival_muddy, st_stairs_10
D:2:      lemuel_round_altar, zin_purify, first_bread
D:3:      nemelex_altar_shiori, uniq_iyjb
D:4:      overflow_temple_1_default, led_sif_pool
D:5:      portal_sewer_entry_e

Action                   |  1- 3 |  4- 6 |  7- 9 || total
-------------------------+-------+-------+-------++-------
Melee: Flail             |   146 |   159 |       ||   305
       Mace              |       |    57 |    10 ||    67
  Use: Scroll            |     3 |     3 |     1 ||     7
  Eat: Bread ration      |     1 |     1 |     1 ||     3
